Description

This build can be done in all league. It's design to be really strong in defense and works against every kind of Protoss build order (cheese, all-in macro).

It's a fast robo opening (Immortal first). The weekness of this build is proxy double oracle opening (not enough anti-air in early game). The timing push at 4,45 can kill almost every other build order.

This is a game from Stats against Zest.

VOD

https://youtu.be/CvzK52ordV0

Replay - Stats v Zest - Ever Dream LE

Build Order

Get SALT Encoding   

  12  0:01  Probe  
  13  0:13  Probe  
  14  0:18  Pylon  
  14  0:25  Probe (Chrono Boost)  
  15  0:37  Probe (Chrono Boost)  
  15  0:39  Gateway  
  16  0:46  Probe (Chrono Boost)  
  16  0:47  Assimilator  
  17  0:52  Probe  
  17  0:55  Assimilator  
  19  1:04  Probe (Chrono Boost)  
  19  1:07  Gateway  
  19  1:14  Probe x2 (Chrono Boost)  
  21  1:25  Cybernetics Core  
  21  1:30  Probe  
  22  1:34  Pylon  
  24  2:02  Adept x2  
  24  2:03  Warp Gate  
  24  2:07  Robotics Facility  
  28  2:15  Pylon  
  28  2:32  Stalker x2  
  32  2:53  Immortal (Chrono Boost)  
  38  3:18  Nexus  
  38  3:26  Pylon  
  36  3:29  Warp Prism (Chrono Boost)  
  38  3:40  Shield Battery  
  39  3:51  Sentry x2  
  43  3:59  Observer  
  42  4:19  Stalker, Sentry  
  47  4:42  Stalker x2  
  55  5:14  Observer  
  55  5:15  Immortal (Chrono Boost)  
  58  5:45  Twilight Council  
  58  5:49  Stalker x2  
  62  5:58  Pylon  
Spawning Tool Build Advisor. Get it on Overwolf

Go to:

Details

  • Created by: zuka      
  • Published on: Jun 06, 2020
  • Modified on: Jun 06, 2020
  • Patch: 4.11.0
  • Difficulty: Easy
Show
View Real Time Build Order
Export as new Build Order

Comments (0)

There are no comments. Be the first!

Create an account to comment!